AoeStats
← ZamSerg

Black Forest

506091080Analyzed
4v4 RM · 20d ago on Sep 12, 2026· 41m 5s· 8 players
Game mode
Random Map
Map size
Large (8 player)
Population
200
Speed
Normal
Resources
Standard
Victory
Conquest
Starting age
Dark Age
Ending age
Imperial Age
RankedLock teamsTeams togetherTeam positionsShared explorationLock speedFull tech treeHidden civsTurbo modeCheats
Victory
Defeat
🇷🇺 Armenians · Russia
1248
+13
🇵🇱 Dravidians · Poland
1224
+14
🇦🇷 Aztecs · Argentina
1202
+15
🇨🇳 Mongols · China
1190
+16
🇬🇧 Persians · United Kingdom
1242
-16
🇬🇧 Japanese · United Kingdom
1241
-16
🇳🇱 Ethiopians · Netherlands
1140
-13
🇮🇳 Hindustanis · India
1139
-13
matixxfg
11:49 Feudal Age
16:10 Castle Age
14:21 Double-Bit Axe
14:42 Horse Collar
21:12 Wheelbarrow
21:31 Bow Saw
21:20 Fishing Lines
23:42 Gold Mining
23:43 Stone Mining
26:48 Imperial Age
24:39 Fletching
24:50 Padded Archer Armor
25:23 Ballistics
27:50 Hand Cart
27:23 Loom
27:42 Heavy Plow
28:44 Bodkin Arrow
30:50 Two-Man Saw
31:07 Conscription
31:33 Medical Corps
31:34 Elite Elephant Archer
33:02 Thumb Ring
33:56 Caravan
36:28 Chemistry
38:02 Bracer
38:18 Leather Archer Armor
38:13 Forging
38:04 Scale Mail Armor
38:06 Squires
Kasike
0:29 Loom
11:20 Feudal Age
12:22 Double-Bit Axe
19:34 Castle Age
19:15 Horse Collar
20:19 Fishing Lines
21:12 Bow Saw
21:57 Scale Mail Armor
23:08 Redemption
28:02 Fletching
33:30 Fervor
33:43 Sanctity
36:54 Imperial Age
34:30 Atonement
34:26 Herbal Medicine
34:32 Devotion
35:12 Chain Mail Armor
36:19 Heavy Plow
38:34 Conscription
38:46 Illumination
38:37 Block Printing
40:46 Theocracy
40:44 Crop Rotation
39:55 Capped Ram
40:58 Garland Wars
41:09 Plate Mail Armor
41:58 Wheelbarrow
41:09 Town Watch
41:29 Gillnets
ZamSerg
12:25 Feudal Age
13:42 Double-Bit Axe
16:03 Castle Age
13:46 Horse Collar
16:56 Bow Saw
16:49 Heavy Plow
16:50 Loom
21:24 Fervor
22:08 Caravan
23:13 Gold Mining
25:33 Wheelbarrow
27:08 Hand Cart
26:38 Town Watch
27:50 Stone Mining
28:50 Gold Shaft Mining
30:37 Town Watch
33:30 Imperial Age
31:51 Scale Mail Armor
32:01 Forging
31:42 Fletching
31:53 Padded Archer Armor
32:04 Man-at-Arms
32:04 Pikeman
32:45 Squires
32:31 Arson
32:31 Gambesons
34:21 Coinage
35:03 Chain Mail Armor
35:23 Iron Casting
34:44 Bodkin Arrow
35:05 Leather Archer Armor
35:16 Conscription
35:02 Fereters
35:34 Hoardings
34:23 Long Swordsman
34:57 Halberdier
35:28 Elite Composite Bowman
35:35 Two-Handed Swordsman
36:42 Champion
39:01 Chemistry
38:39 Ballistics
39:11 Murder Holes
40:22 Blast Furnace
39:53 Plate Mail Armor
39:24 Bracer
39:54 Ring Archer Armor
40:28 Blast Furnace
39:58 Plate Mail Armor
300P 4V4
3:42 Loom
12:10 Feudal Age
16:08 Castle Age
14:22 Stone Mining
14:43 Double-Bit Axe
17:12 Wheelbarrow
17:12 Bow Saw
21:17 Fishing Lines
21:59 Fletching
23:37 Horse Collar
24:06 Gold Mining
26:48 Gillnets
28:37 Hand Cart
29:22 Gold Shaft Mining
29:25 Stone Shaft Mining
29:18 Caravan
33:21 Imperial Age
31:41 Bodkin Arrow
32:52 Ballistics
32:44 Bloodlines
32:41 Thumb Ring
33:17 Nomads
33:31 Padded Archer Armor
33:36 Scale Barding Armor
33:34 Husbandry
33:29 Elite Mangudai
34:51 Conscription
34:37 Bracer
34:17 Light Cavalry
34:54 Capped Ram
35:58 Heavy Plow
36:19 Heavy Plow
36:36 Leather Archer Armor
36:42 Chain Barding Armor
36:50 Parthian Tactics
37:31 Chemistry
36:46 Siege Ram
38:22 Drill
Quintem
0:27 Loom
13:10 Feudal Age
17:29 Castle Age
15:53 Horse Collar
17:01 Town Watch
17:24 Double-Bit Axe
19:09 Bow Saw
21:07 Wheelbarrow
23:02 Fletching
23:14 Gold Mining
23:15 Stone Mining
23:53 Guard Tower
25:29 Ballistics
26:31 Bodkin Arrow
31:20 Yasama
35:38 Imperial Age
33:45 Gold Mining
34:55 Scale Mail Armor
35:06 Heavy Plow
36:09 Squires
36:32 Bracer
37:16 Heavy Cavalry Archer
37:58 Padded Archer Armor
Thundah
4:00 Loom
12:09 Feudal Age
15:47 Castle Age
14:29 Double-Bit Axe
14:43 Horse Collar
22:32 Bow Saw
24:45 Wheelbarrow
24:36 Gold Mining
25:17 Heavy Plow
30:47 Bloodlines
30:38 Husbandry
33:11 Imperial Age
31:01 Hand Cart
31:34 Scale Barding Armor
31:39 Forging
33:14 Gold Shaft Mining
32:34 Stone Mining
33:44 Chain Barding Armor
33:34 Forging
32:51 Cavalier
35:09 Two-Man Saw
34:42 Crop Rotation
35:02 Plate Barding Armor
35:03 Iron Casting
34:34 Town Watch
34:53 Savar
37:22 Blast Furnace
37:30 Conscription
37:37 Devotion
XXxCoExXX
1:10 Loom
12:16 Feudal Age
12:59 Double-Bit Axe
18:35 Castle Age
16:40 Gold Mining
17:10 Horse Collar
17:55 Fletching
18:44 Stone Mining
18:56 Crossbowman
19:41 Thumb Ring
28:34 Wheelbarrow
32:30 Imperial Age
30:28 Heavy Plow
30:40 Bow Saw
30:47 Bodkin Arrow
30:54 Padded Archer Armor
31:22 Ballistics
32:00 Hand Cart
34:31 Bracer
34:46 Leather Archer Armor
36:08 Siege Engineers
37:05 Chemistry
36:21 Leather Archer Armor
36:31 Masonry
36:02 Arbalester
36:43 Onager
Prnv2592
10:25 Feudal Age
12:51 Loom
16:07 Castle Age
14:16 Double-Bit Axe
14:40 Horse Collar
17:28 Fishing Lines
18:02 Bow Saw
20:11 Heavy Plow
21:36 Wheelbarrow
22:04 Gillnets
25:17 Gold Mining
26:28 Hand Cart
29:26 Imperial Age
28:22 Fletching
28:32 Padded Archer Armor
28:49 Town Watch
29:01 Bodkin Arrow
29:26 Stone Mining
31:28 Chemistry
30:29 Bracer
30:44 Leather Archer Armor
31:49 Two-Man Saw
33:24 Bloodlines
33:14 Husbandry
33:44 Shatagni
34:07 Conscription
34:37 Scale Barding Armor
34:42 Forging
36:25 Siege Engineers
36:30 Masonry
36:45 Ballistics
37:03 Ring Archer Armor
36:31 Light Cavalry
37:53 Chain Barding Armor
38:08 Iron Casting
38:35 Elite Skirmisher
40:09 Hussar
Connection lost

Rejoining the realm…

Still unreachable

The connection could not be restored.

Session expired

The server has moved on; the page needs a fresh start.